 Seeded DCSS version 0.31-a0-229-g1fc7ce93e2 (webtiles) character file.

Game seed: 13275427502194390118 (custom seed)

235 rocky1 the Digger (level 5, -2/39 HPs)
             Began as a Demigod Earth Elementalist on July 7, 2023.
             Slain by an orc
             ... wielding a +0 hand axe
              (3 damage)
             ... on level 3 of the Dungeon.
             The game lasted 00:03:58 (2383 turns).

rocky1 the Digger (Demigod Earth Elementalist)      Turns: 2383, Time: 00:03:59

Health: -2/39      AC:  4    Str: 15    XL:     5   Next: 47%
Magic:  8/12       EV: 12    Int: 21    God:
Gold:   168        SH:  0    Dex: 14    Spells: 9/10 levels left

rFire   + . .        (no weapon)
rCold   + . .        (no shield)
rNeg    . . .        g - +0 robe {rC+ rF+}
rPois   .            i - +1 helmet
rElec   .            (no cloak)
rCorr   .            (no gloves)
SInv    .            (no boots)
Will    .....        (no amulet)
Stlth   ++           c - +6 ring of strength
HPRegen 0.26/turn    (no ring)
MPRegen 0.13/turn

%: no passive effects
@: no status effects
A: high MP 1, forlorn, divine attributes
a: no special abilities


You were on level 3 of the Dungeon.
You visited 1 branch of the dungeon, and saw 4 of its levels.

You collected 168 gold pieces.

Inventory:

Armour
 a - a +0 robe
 g - a +0 robe of resistance (worn)
 i - a +1 helmet (worn)
Jewellery
 c - a +6 ring of strength (left hand)
Scrolls
 d - a scroll of teleportation {unknown}
 e - a scroll of silence {unknown}
 f - a scroll of summoning {unknown}
 h - 2 scrolls of fear {unknown}
 j - a scroll of fog {unknown}
Potions
 b - a potion of magic
 l - a potion of resistance {unknown}
 m - 2 potions of enlightenment {unknown}
 n - 2 potions of mutation {unknown}
 o - a potion of berserk rage {unknown}
 p - a potion of heal wounds {unknown}


   Skills:
 + Level 0.6 Fighting
 + Level 2.1 Dodging
 + Level 2.1 Stealth
 + Level 3.2 Spellcasting
 + Level 0.8 Transmutations
 + Level 4.6 Earth Magic


You had 9 spell levels left.
You knew the following spells:

 Your Spells              Type           Power      Damage    Failure   Level
a - Sandblast             Erth           46%        2d11      1%          1

Your spell library contained the following spells:

 Spells                   Type           Power      Damage    Failure   Level
 Passwall                 Tmut/Erth      12%        N/A       6%          2
 Stone Arrow              Conj/Erth      26%        3d8       16%         3
 Ozocubu's Armour         Ice            3%         N/A       36%         3
 Petrify                  Tmut/Erth      15%        N/A       38%         4
 Metabolic Englaciation   Hex/Ice        1%         N/A       98%         5
 Simulacrum               Ice/Necr       1%         N/A       100%        6
 Ozocubu's Refrigeration  Ice            1%         4d7       100%        7
 Polar Vortex             Ice            1%         N/A       100%        9


Dungeon Overview and Level Annotations

Branches:
Dungeon (4/15)
 Temple: D:4-7

Shops:
D:1 :==[


Innate Abilities, Weirdness & Mutations

You have an increased reservoir of magic. (+10% MP)
You shall have no god before yourself.
Your divine heritage dramatically boosts your attributes as you level up.


Message History

Aim: an orc wizard, wielding a +0 dagger and wearing a +0 robe (lightly wounded, 79% to hit)
The blast of sand misses the orc wizard.
The orc wizard misses you. The orc closely misses you.
The orc hits you with a +1 flail of venom.
You are poisoned.
The orc hits you with a +0 hand axe.
Aiming: Sandblast (safe; 1% risk of failure)
Press: ? - help, Q - select action Shift-Dir - straight line, f/p - orc wizard
Aim: an orc wizard, wielding a +0 dagger and wearing a +0 robe (lightly wounded, 79% to hit)
The blast of sand hits the orc wizard!
The orc wizard is severely wounded.
You feel very sick.
The orc wizard casts a spell.
The orc wizard flickers and vanishes!
Deactivating autopickup; reactivate with Ctrl-A.
The orc hits you but does no damage. The orc hits you with a +0 hand axe.
* * * LOW HITPOINT WARNING * * *
The orc closely misses you.
You hear some strange, mumbled words.
You are confused.
The orc misses you. The orc hits you with a +0 dagger.
* * * LOW HITPOINT WARNING * * *
The orc hits you with a +1 flail of venom!
* * * LOW HITPOINT WARNING * * *
You feel better. Something hits you but does no damage.
The orc hits you with a +0 dagger.
* * * LOW HITPOINT WARNING * * *
The orc hits you with a +1 flail of venom.
* * * LOW HITPOINT WARNING * * *
The orc barely misses you.
Unknown command.
Okay, then.
Sorry, you're not good enough to have a special ability.
Aiming: Sandblast (safe; 1% risk of failure)
Press: ? - help, Q - select action Shift-Dir - straight line Something hits you.
* * * LOW HITPOINT WARNING * * *
The orc closely misses you. The orc hits you but does no damage.
The orc hits you with a +0 hand axe.
You die...

#####...## #......##
......### #.######
...##.# #.# #####.##
#.# ####...##### #.#
...........# ##.##
####...###.#####...##
#####.## #.....oo{#.#
......# #######@#.##
####### ##o## ###


You could see 3 orcs.

Vanquished Creatures
  An orc priest (D:3)
  Jessica (D:2)
  Natasha (thrice) (D:2)
  5 adders
  2 worms
  A dart slug (D:2)
  6 bats
  4 endoplasms
  2 giant cockroaches
  4 goblins
  2 hobgoblins
  2 jackals (D:2)
  5 kobolds
  4 quokkas
  3 ball pythons
  2 frilled lizards
  6 rats
53 creatures vanquished.

Notes
Turn   | Place    | Note
-------+----------+-------------------------------------------
     0 | D:1      | rocky1 the Demigod Earth Elementalist began the quest for
                  | the Orb.
     0 | D:1      | Reached XP level 1. HP: 14/14 MP: 5/5
    10 | D:1      | Found Onlezats's Jewellery Emporium.
   306 | D:1      | Found Saufiugh's Armour Emporium.
   310 | D:1      | Reached skill level 3 in Earth Magic
   364 | D:1      | Found Obocek's Jewellery Boutique.
   447 | D:1      | Found Zyuqykanwy's Book Shop.
   449 | D:1      | Reached XP level 2. HP: 20/20 MP: 5/7
   854 | D:2      | Noticed Jessica
   858 | D:2      | Killed Jessica
   859 | D:2      | Reached XP level 3. HP: 26/26 MP: 5/9
  1148 | D:2      | Noticed Natasha
  1152 | D:2      | Killed Natasha
  1153 | D:2      | Reached skill level 4 in Earth Magic
  1153 | D:2      | Reached XP level 4. HP: 23/33 MP: 4/10
  1198 | D:2      | Noticed Natasha
  1204 | D:2      | Killed Natasha
  1326 | D:2      | Noticed Natasha
  1332 | D:2      | Killed Natasha
  1560 | D:3      | Reached XP level 5. HP: 39/39 MP: 10/12
  2381 | D:3      | HP: 1/39 [orc/+1 flail of venom (7)]
  2383 | D:3      | Slain by an orc

Illustrated notes

Levels and vault maps discovered:
D:1:      erik_arrival_blinker_ship, layout_loops_ring, serial_shops, shop,
          shop, shop, nicolae_shop_rolling_square
D:2:      layout_rooms, ebering_ecumenical_altar_hall, basic_altar,
          uniq_natasha, uniq_jessica
D:3:      layout_loops_ring, mainiacjoe_overflow_cross_hatched
D:4:      layout_basic, fedhas_altar_2, minmay_temple_entry_ruins,
          cheibrodos_sewer_entry_sluice, grunt_ministairs_12, uniq_duvessa

Skill      XL: |  1  2  3  4 |
---------------+-------------+-----
Earth Magic    | 3 4 |  4.6
Spellcasting   | 2 3 |  3.2
Stealth        | 2 |  2.1
Dodging        | 2 |  2.1
Fighting       | |  0.6
Transmutations | |  0.8

Action                     |  1- 3 |  4- 6 || total
---------------------------+-------+-------++-------
   Cast: Sandblast         |    39 |    44 ||    83
    Use: Potion            |       |     2 ||     2
 Armour: Robe              |     2 |     5 ||     7
  Dodge: Dodged            |     5 |    20 ||    25

Table legend: (Time is in decaauts)
 A = Elapsed time spent in this place.
 B = Non-inter-level travel time spent in this place.
 C = Inter-level travel time spent in this place.
 D = Time resting spent in this place.
 E = Time spent auto-exploring this place.
 F = Levels seen in this place.
 G = Mean time per level.
                   A        B        C        D        E       F      G
               +--------+--------+--------+--------+--------+-----+--------+
         Total |   2423 |   2279 |    144 |    340 |   1610 |   4 |  605.8 |
       Dungeon |   2423 |   2279 |    144 |    340 |   1610 |   4 |  605.8 |
               +--------+--------+--------+--------+--------+-----+--------+

Top non-repeatable levels by time:
     D:3: 847 daAuts
     D:1: 803 daAuts
     D:2: 769 daAuts
     D:4: 3 daAuts
